brash, chaotic female elven Wizard --------- ------------ # |.......| |.....<....| 0####-.......| |..........| #|.......| ...........| |.......| |..........| -.------- |..........| ##########0 |..........| # # ---.-------- ###d## ## @ ## # - -----d--# ### |........|### # -.......f|# # ### |.......!| ### # |........+ # -----.--- |.......{| ###|.......| ---------- #........| --------- brash the Evoker Experience level: 1 Strength: 11 Dexterity: 9 Constitution: 15 Intelligence: 18 Wisdom: 11 Charisma: 11 Health: 0(11) Energy: 7(7) AC: 3 Gold: 224 Moves: 2236 Your Inventory: Coins $ - 224 gold pieces Weapons a - a blessed +1 quarterstaff (weapon in hands) z - an [uncursed +0] sling C - 2 [uncursed +0] daggers Armor r - a blessed +0 cloak of magic resistance (being worn) B - an [uncursed] +0 leather armor (being worn) D - an [uncursed] +0 pair of hard shoes [iron] (being worn) L - an [uncursed] +0 hard hat [dwarvish iron helm] (being worn) Q - an [uncursed +0] iron skull cap [orcish helm] Scrolls A - an [uncursed] scroll labeled FNORD [of taming] O - an [uncursed] scroll of identify R - a [cursed] scroll labeled VENZAR BORGAVVE [of remove curse] S - a [cursed] scroll labeled GHOTI [of gold detection] Potions g - a blessed potion of confusion Wands c - an uncursed wand of polymorph (0:6) I - an [uncursed] wand of magic missile [0:6] Tools b - an [uncursed] bag called holding [of holding] n - an uncursed leather drum F - 3 [uncursed] partly used [tallow] candles Gems E - an [uncursed] violet gem [worthless glass] J - an [uncursed] white gem [worthless glass] P - an [uncursed] red gem [worthless glass] Contents of the bag of holding: 107 gold pieces an [uncursed +0] sling an [uncursed] scroll labeled ETAOIN SHRDLU [of enchant armor] an [uncursed] scroll labeled NR 9 [of punishment] an uncursed scroll of confuse monster an uncursed scroll of identify an uncursed scroll of magic mapping an [uncursed] purple spellbook [of haste self] a blessed spellbook of force bolt an [uncursed] spellbook of jumping an uncursed spellbook of light an [uncursed] orange potion [of sleeping] an [uncursed] potion of oil an uncursed potion of restore ability an uncursed potion of water an [uncursed] squishy potion [of booze] an [uncursed] viscous potion [of speed] an uncursed +2 ring of increase accuracy an uncursed ring of regeneration Spells known in the end: Name Level Category Fail Memory a - force bolt 1 attack 4% [||||||||] b - light 1 divination 9% [||||||||] c - jumping 1 escape 9% [||||||||] Your skills at the end: Fighting Skills Weapon Skills quarterstaff [Basic / Expert] Spellcasting Skills attack spells [Basic / Expert] enchantment spells [Basic / Skilled] Final Attributes: You were fervently aligned. Hunger level was 658. Your alignment was 10 / 21. Monster difficulty range was 1 - 3. Level difficulty was 6. You were magic-protected. You saw invisible. You had infravision. Your luck was zero. You are dead. Vanquished creatures: a shrieker a gnome lord 4 dwarves an iguana a hobbit a giant rat 12 gnomes 2 geckos 3 jackals a goblin 2 sewer rats a grid bug 2 lichens a kobold zombie 8 newts 41 creatures vanquished. Voluntary challenges: You used a wielded weapon 1 time. You read items or engraved 24 times. You put on armor 10 times. You never genocided any monsters. You never polymorphed an object. You never changed form. You used no wishes. You wrote Elbereth's name 16 times. You encountered 1 bones level. You never used any Sokoban shortcuts. Dungeon overview: The Dungeons of Doom: levels 1 to 6 Level 1 a sink a long staircase Level 2 (closed shop) Level 4 a fountain stairs to The Gnomish Mines Level 6 <- You were here a fountain The Gnomish Mines: levels 5 to 6 Level 5 stairs to The Dungeons of Doom History has recorded: On T:1 you entered the Dungeons of Doom to retrieve the Amulet of Yendor! On T:52 you reached level 2 of The Dungeons of Doom. On T:878 you reached level 3 of The Dungeons of Doom. On T:1028 you reached level 4 of The Dungeons of Doom. On T:1052 you reached level 5 of The Dungeons of Doom. On T:1171 you reached level 1 of The Gnomish Mines. On T:1853 you reached level 2 of The Gnomish Mines. On T:2128 you reached level 6 of The Dungeons of Doom. Latest messages: You miss the dog. The dog just misses! Quickly bites the dog. The dog bites quickly. The dog devours a tripe ration. You hear some noises. With great effort you move the boulder. The door opens. The dingo bites! [HP-3=8] The dingo bites! [HP-6=2] You displaced pons. Pons bites the dingo. The dingo misses pons. The dingo misses. You hear some noises. [HP+1=3] Pons misses the dingo. The dingo bites! You die... Final status: Goodbye brash the Wizard... You died in The Dungeons of Doom on dungeon level 6 with 572 points, and 331 pieces of gold, after 2236 moves. You were level 1 with a maximum of 11 hit points when you died.